Map: Winter's Gate LE

Players

Mez

  • Race: Terran Terran
  • League: Master
  • Spawn Location: 11:00

A.I. 1 (Very Easy) - Winner!

  • Race: Terran Terran
  • Spawn Location: 5:00

VOD

Have the link to the VOD?

Description

Time

  • Played on: Sept. 5, 2019, 5:20 a.m.
  • Length: 10:42
Show
View Real Time Build Order
Export as new Build Order

Mez Terran 

Build Orders: Reaper Expand 

Get SALT Encoding   

  12  0:00  SCV  
  13  0:12  SCV  
  14  0:17  Supply Depot  
  14  0:25  SCV  
  15  0:38  SCV  
  15  0:40  Barracks  
  16  0:44  Refinery  
  16  0:50  SCV  
  17  1:02  SCV  
  18  1:15  SCV  
  19  1:27  Orbital Command  
  19  1:28  Reaper  
  20  1:39  Command Center  
  20  1:49  Bunker  
  20  1:53  SCV  
  21  1:57  Supply Depot  
  21  2:00  Marine  
  22  2:07  SCV  
  23  2:19  Barracks Reactor  
  23  2:31  Command Center  
  23  2:37  Factory  
  23  2:41  SCV  
  24  2:52  Orbital Command  
  24  2:53  SCV  
  24  2:57  Refinery  
  25  2:59  Marine  
  25  3:01  Marine  
  27  3:09  SCV  
  28  3:17  Marine  
  28  3:18  SCV  
  28  3:19  Marine  
  31  3:23  SCV  
  31  3:25  Widow Mine  
  34  3:29  Starport  
  34  3:30  SCV  
  35  3:36  SCV  
  36  3:41  Marine x2  
  36  3:42  SCV  
  36  3:44  Orbital Command  
  39  3:49  Widow Mine  
  39  3:52  SCV  
  39  3:54  SCV, Refinery  
  43  3:59  Marine x2  
  45  4:04  SCV  
  45  4:05  Starport Tech Lab  
  45  4:06  SCV  
  45  4:09  Supply Depot  
  47  4:13  Factory Tech Lab  
  47  4:16  SCV  
  48  4:18  Barracks  
  48  4:19  SCV x2  
  51  4:26  Raven  
  51  4:27  Marine x2  
  51  4:28  SCV  
  55  4:37  Supply Depot  
  55  4:40  SCV x2  
  55  4:41  SCV  
  55  4:43  Factory Reactor  
  55  4:44  Barracks  
  58  4:47  Marine  
  58  4:48  Marine  
  60  4:53  SCV x2  
  60  4:54  SCV  
  63  5:00  Supply Depot  
  63  5:04  Orbital Command, Engineering Bay  
  63  5:05  SCV x2, Engineering Bay  
  65  5:12  Marine x2  
  67  5:15  Refinery  
  67  5:20  Stimpack  
  67  5:25  SCV x2  
  67  5:27  Medivac x2  
  67  5:28  Factory Reactor  
  72  5:32  Marine, Marauder  
  72  5:33  Marine  
  76  5:36  Terran Infantry Armor Level 1, Terran Infantry Weapons Level 1  
  76  5:42  Marauder  
  78  5:45  Supply Depot  
  78  5:46  Barracks  
  78  5:47  Barracks  
  78  5:49  SCV x2  
  80  5:50  SCV  
  81  6:00  Marine x2, Marauder  
  85  6:07  Medivac x2, Widow Mine x2  
  93  6:12  Supply Depot  
  93  6:17  Supply Depot  
  93  6:22  Armory  
  93  6:31  Marine x2  
  93  6:32  SCV x2, Marauder x2  
  101  6:33  Marine, SCV  
  101  6:34  Widow Mine x2  
  101  6:35  Supply Depot  
  101  6:38  Supply Depot  
  101  6:39  Supply Depot  
  107  6:46  Combat Shield  
  107  6:49  SCV x3  
  107  6:53  Marauder x2  
  114  6:56  Barracks Reactor, Barracks Tech Lab  
  114  6:57  Marine x2  
  114  6:58  Medivac  
  114  7:01  SCV x2, Refinery  
  118  7:02  SCV, Refinery  
  118  7:06  Supply Depot  
  121  7:08  Medivac  
  121  7:14  SCV x2  
  121  7:15  Marine x2, Marauder  
  127  7:16  Marauder  
  127  7:18  Marauder  
  127  7:20  Widow Mine x2  
  137  7:24  Supply Depot  
  137  7:26  Supply Depot  
  137  7:30  SCV  
  137  7:31  SCV x2, Supply Depot  
  140  7:37  Terran Infantry Weapons Level 2  
  140  7:40  Terran Infantry Armor Level 2  
  140  7:41  Ghost Academy  
  140  7:43  SCV x3  
  143  7:51  Marine x2, Marauder x3  
  151  7:52  Marine  
  151  7:53  Marine  
  151  7:55  SCV  
  151  7:57  Viking  
  156  8:05  Viking  
  156  8:11  Starport  
  158  8:14  Marine  
  158  8:15  Marine x5, Command Center  
  158  8:16  Marine  
  165  8:22  Supply Depot  
  165  8:24  Liberator x2, Supply Depot x2  
  165  8:35  Concussive Shells  
  165  8:38  Terran Ship Weapons Level 1  
  168  8:44  Marine x4  
  168  8:46  Marine  
  180  8:48  Supply Depot  
  180  8:50  Supply Depot  
  180  8:57  Fusion Core  
  180  8:58  Starport Tech Lab  
  180  9:05  Liberator  
  180  9:07  Marine  
  180  9:08  Marine x2, Liberator  
  180  9:09  Marine  
  186  9:11  Barracks x3  
  186  9:12  Unknown x2  
  192  9:37  Unknown  
  192  9:41  Refinery  
  192  9:43  Marine x2, Marauder, Refinery  
  192  9:44  Marauder x2  
  200  9:54  Planetary Fortress  
Show
View Real Time Build Order
Export as new Build Order

A.I. 1 (Very Easy) Terran - Winner!

Build Orders:  

Get SALT Encoding   

  12  0:00  SCV  
  13  0:13  SCV  
  14  0:18  Supply Depot  
  14  0:37  Refinery  
  14  0:43  Barracks  
  14  1:03  Supply Depot  
  14  1:11  Refinery  
  14  1:29  Marine, SCV  
  16  1:41  SCV  
  17  1:53  SCV  
  18  2:02  Marine  
  18  2:05  SCV  
  20  2:17  SCV  
  21  2:29  SCV  
  22  2:35  Marine  
  23  2:42  Orbital Command  
  23  4:50  SCV  
  23  5:51  Marine, SCV  
  23  5:53  Supply Depot  
  23  5:56  Factory  
  25  6:15  SCV  
  25  6:18  Supply Depot  
  26  6:24  Barracks Tech Lab  
  25  6:27  SCV  
  24  6:39  SCV  
  25  6:40  Starport  
  25  6:42  Marine  
  26  6:51  SCV  
  27  7:11  Command Center  
  27  7:15  Marine  
  28  7:18  Starport Tech Lab  
  28  7:38  Raven  
  30  7:48  Marauder  
  32  8:20  Raven  
  32  8:21  Marine  
  32  8:24  SCV  
  36  8:32  SCV, Refinery  
  37  8:36  Refinery  
  37  8:39  SCV  
  38  8:46  SCV  
  39  8:53  SCV  
  40  9:01  SCV  
  41  9:08  SCV  
  42  9:15  SCV  
  43  9:22  SCV  
  44  9:30  SCV  
  45  9:37  SCV  
  46  9:44  SCV  
  47  9:51  SCV  
  48  9:58  SCV  
  49  10:06  SCV  
Tags
 
League
Master
Matchup
TvT
Race
Terran
Replay Pack
Spawningtool_Mez
Spawn Locations
Cross Positions
Add a new tag
Caveats
  • Supply blocks, unpowered buildings, or Contaminate may cause inaccurate times.
  • Supply counts are checked every 10 seconds.